 Dungeon Crawl Stone Soup version 0.25-a0-804-g50c693f (webtiles) character file.

Game seed: 6595738333026277240, levelgen mode: deterministic

5545 BlueFish the Thaumaturge (level 10, -5/74 HPs)
             Began as a Mummy Wizard on Apr 19, 2020.
             Was a Follower of Kikubaaqudgha.
             Splashed by a brown ugly thing's acid (7 damage)
             ... on level 8 of the Dungeon.
             The game lasted 00:30:03 (12305 turns).

BlueFish the Thaumaturge (Mummy Wizard)            Turns: 12305, Time: 00:30:04

Health: -5/74      AC: -6    Str: 17    XL:     10   Next: 43%
Magic:  15/23      EV: 14    Int: 21    God:    Kikubaaqudgha [*.....]
Gold:   391        SH:  0    Dex: 10    Spells: 12/28 levels left

rFire    x . .     SeeInvis .   z - +1 quarterstaff (vorpal)
rCold    + . .     Gourm    .   (shield currently unavailable)
rNeg     + + +     Faith    .   a - +0 robe
rPois    ∞         Spirit   .   b - +0 hat
rElec    .         Reflect  .   l - scarf {cloud immunity}
rCorr    .         Harm     .   i - +0 pair of gloves
MR       +....                  j - +2 pair of boots
Stlth    +++.......             (no amulet)
HPRegen  0.22/turn              f - ring of wizardry
MPRegen  0.18/turn              o - +6 ring of strength

@: corroded
A: no food or potions, fire vulnerability, cold resistance 1, negative energy
resistance 3, torment resistance, unbreathing
a: Receive Corpses, Renounce Religion


You were on level 8 of the Dungeon.
You worshipped Kikubaaqudgha.
Kikubaaqudgha was aware of your devotion.
You were not hungry.

You visited 2 branches of the dungeon, and saw 10 of its levels.

You collected 391 gold pieces.

Inventory:

Hand Weapons
 x - the +7 trident of Saovazar {vorpal, rC+}
   (You found it on level 8 of the Dungeon)

   It inflicts extra damage upon your enemies.
   It protects you from cold.
 z - a +1 vorpal quarterstaff (weapon)
Armour
 a - a +0 robe (worn)
 b - a +0 hat (worn)
 i - a +0 pair of gloves (worn)
 j - a +2 pair of boots (worn)
 l - a scarf of cloud immunity (worn)
Jewellery
 f - a ring of wizardry (left hand)
 o - a +6 ring of strength (right hand)
 p - an uncursed ring of protection from fire {unknown}
Wands
 m - a wand of flame (32)
 q - a wand of random effects (13)
 v - a wand of scattershot (7)
 y - a wand of disintegration (7)
 A - a wand of paralysis (9)
Scrolls
 d - 5 scrolls of blinking
 e - 5 scrolls of enchant armour
 g - a scroll of fog
 h - 2 scrolls of immolation
 k - 2 scrolls of fear
 r - a scroll of remove curse {unknown}
 s - 2 scrolls of amnesia {unknown}
 t - 2 scrolls of teleportation {unknown}
 u - a scroll of noise {unknown}
 w - 3 scrolls of magic mapping {unknown}


   Skills:
 * Level 5.3 Fighting
   Level 1.2 Short Blades
 + Level 3.1(3.3) Polearms
 + Level 1.2(2.4) Staves
 * Level 5.2 Dodging
 * Level 5.7 Stealth
 * Level 9.9 Spellcasting
 + Level 3.1 Conjurations
 + Level 1.9 Summonings
 * Level 2.1 Necromancy
 + Level 0.7 Translocations
 + Level 1.2 Air Magic
 + Level 1.3 Poison Magic
 * Level 4.0 Evocations


You had 12 spell levels left.
You knew the following spells:

 Your Spells              Type           Power        Failure   Level  Hunger
a - Pain                  Necr           ###.         1%          1    N/A
b - Blink                 Tloc           N/A          3%          2    N/A
c - Call Imp              Summ           ###.....     1%          2    N/A
d - Slow                  Hex            ##......     4%          2    N/A
e - Mephitic Cloud        Conj/Pois/Air  ###.....     3%          3    N/A
f - Magic Dart            Conj           ###.         1%          1    N/A
g - Vampiric Draining     Necr           ###.......   3%          3    N/A
h - Corpse Rot            Necr/Air       N/A          1%          2    N/A

Your spell library contained the following spells:

 Spells                   Type           Power        Failure   Level  Hunger
 Animate Skeleton         Necr           N/A          1%          1    N/A
 Sticks to Snakes         Tmut           ##......     4%          2    N/A
 Conjure Flame            Conj/Fire      ###.....     4%          3    N/A
 Beastly Appendage        Tmut           Unusable     N/A         1    N/A
 Spider Form              Tmut/Pois      Unusable     N/A         3    N/A
 Ice Form                 Ice/Tmut       Unusable     N/A         4    N/A
 Blade Hands              Tmut           Unusable     N/A         5    N/A

Dungeon Overview and Level Annotations

Branches:
Dungeon (9/15)             Temple (1/1) D:6            Lair (0/6) D:9
    Orc: D:9-12

Altars:
Ashenzari
Cheibriados
Dithmenos
Elyvilon
Fedhas
Gozag
Hepliaklqana
Kikubaaqudgha
Makhleb
Nemelex Xobeh
Okawaru
Qazlal
Ru
Sif Muna
Trog
Uskayaw
Vehumet
Wu Jian
Xom
Yredelemnul
Zin
The Shining One

Shops:
D:5 =   D:8 =   D:9 %:


Innate Abilities, Weirdness & Mutations

You do not eat or drink.
Your flesh is vulnerable to fire.
You are immune to poison.
Your flesh is cold resistant. (rC+)
You are immune to negative energy. (rN+++)
You are immune to unholy pain and torment.
You can survive without breathing.


Message History

Aim: a brown ugly thing (moderately wounded, confused, chance to defeat MR: 63%)
The brown ugly thing writhes in agony.
The brown ugly thing seems less confused.
Casting: Pain (safe; 1% risk of failure)
Confirm with . or Enter, or press ? or * to list all spells.
Aiming: Pain (safe; 1% risk of failure)
Press: ? - help, Shift-Dir - straight line, f/p - brown ugly thing
Aim: a brown ugly thing (moderately wounded, chance to defeat MR: 63%)
The brown ugly thing writhes in agony!
Casting: Pain (safe; 1% risk of failure)
Confirm with . or Enter, or press ? or * to list all spells.
Aiming: Vampiric Draining (mildly dangerous; 3% risk of failure)
Press: ? - help, Shift-Dir - straight line, f/p - brown ugly thing
Aim: a brown ugly thing (moderately wounded)
The brown ugly thing is heavily wounded.
You feel life coursing into your body. The brown ugly thing headbutts you!
* * * LOW HITPOINT WARNING * * *
The acid corrodes you!
You are splashed with acid!
You die...
Kikubaaqudgha rasps: "You have failed me!
Welcome... oblivion!"

#.#.####..####..#.#.#..
#.#.##..........#.....)
#.#.##..........#.#.#.(
#.#.##..........#......
#.#.##..........###.#..
#.#....................
#.#.#........#......#..
#.#.#...........P.####.
#.#.#.@u.....###...(...
#.[(().......#.#.......
#.#.#######..#....).P..
#.#.##### #.#...(#P..P
#....5..# #.#._.(##..P
###<###.# #.#..(.#.P..
#.# #.# #.#......P..
#!# #.# #.#.#.......
#.###.####.###.P.P.#.


You could see a brown ugly thing.

Vanquished Creatures
  A two-headed ogre (D:7)
  Joseph (D:8)
  A troll (D:6)
  Grinder (D:5)
  A hippogriff (D:8)
  Sigmund (D:5)
  A wyvern (D:9)
  A hungry ghost (D:9)
  2 yaks (D:9)
  A sky beast (D:5)
  2 orc warriors (D:9)
  6 ogres
  A black bear (D:8)
  An ice beast (D:9)
  A phantom (D:9)
  4 centaurs
  3 bullfrogs
  3 scorpions
  8 killer bees (D:8)
  A bullfrog zombie (D:5)
  3 crimson imps
  5 hounds
  A quasit (D:8)
  A jelly (D:9)
  4 orc priests
  2 iguanas
  A gnoll shaman (D:4)
  6 worker ants
  5 orc wizards
  A hound zombie (D:5)
  2 hound skeletons
  A howler monkey zombie (D:7)
  A howler monkey skeleton (D:9)
  10 gnolls
  10 adders
  2 shadow imps
  An adder skeleton (D:5)
  4 worms
  3 dart slugs
  6 leopard geckos
  12 orcs
  2 ball pythons
  4 giant cockroaches
  8 goblins
  6 hobgoblins
  6 jackals (D:2)
  A quokka (D:8)
  A ball python skeleton (D:4)
  8 bats
  2 frilled lizards (D:3)
  A jackal skeleton (D:8)
  A jackal zombie (D:7)
  4 kobolds
  A leopard gecko zombie (D:6)
  A quokka skeleton (D:5)
  7 rats
175 creatures vanquished.

Vanquished Creatures (collateral kills)
  A vampire mosquito (D:8)
  2 killer bees (D:8)
  A bullfrog skeleton (D:8)
  2 orc wizards (D:4)
  An ooze (D:5)
  2 orcs (D:4)
  A rat (D:1)
10 creatures vanquished.

Vanquished Creatures (others)
  A withered plant (D:8)
1 creature vanquished.

Grand Total: 186 creatures vanquished

Notes
Turn   | Place    | Note
-------+----------+-------------------------------------------
     0 | D:1      | BlueFish the Mummy Wizard began the quest for the Orb.
     0 | D:1      | Reached XP level 1. HP: 13/13 MP: 5/5
   214 | D:1      | Reached XP level 2. HP: 20/20 MP: 0/7
   218 | D:1      | Learned a level 2 spell: Blink
   221 | D:1      | Learned a level 2 spell: Call Imp
   224 | D:1      | Learned a level 2 spell: Slow
   772 | D:1      | Reached skill level 1 in Fighting
   873 | D:2      | Reached skill level 1 in Summonings
  1126 | D:2      | Reached XP level 3. HP: 26/26 MP: 3/9
  1137 | D:2      | Learned a level 3 spell: Mephitic Cloud
  1587 | D:2      | Reached skill level 1 in Conjurations
  1788 | D:2      | Reached skill level 5 in Spellcasting
  1988 | D:3      | Reached XP level 4. HP: 32/32 MP: 6/11
  2572 | D:3      | Reached XP level 5. HP: 26/37 MP: 5/13
  2962 | D:3      | Found a shimmering blue altar of Sif Muna.
  3805 | D:4      | Reached skill level 1 in Short Blades
  3911 | D:4      | Reached XP level 6. HP: 39/44 MP: 1/14
  3919 | D:4      | Reached skill level 6 in Spellcasting
  4928 | D:4      | Found a glowing golden altar of the Shining One.
  4929 | D:4      | Found an ornate altar of the Wu Jian Council.
  4953 | D:4      | Reached XP level 7. HP: 30/51 MP: 12/16
  5496 | D:5      | Entered Level 5 of the Dungeon
  5588 | D:5      | Noticed Grinder
  5602 | D:5      | Killed Grinder
  5602 | D:5      | Reached skill level 1 in Evocations
  5673 | D:5      | Found Ybuqa's Jewellery Boutique.
  5694 | D:5      | Noticed Sigmund
  6302 | D:5      | Killed Sigmund
  6302 | D:5      | Reached skill level 7 in Spellcasting
  6302 | D:5      | Reached XP level 8. HP: 58/58 MP: 11/18
  6454 | D:5      | Found a basalt altar of Yredelemnul.
  6802 | D:6      | Reached skill level 1 in Polearms
  7019 | D:6      | Noticed a troll
  7045 | D:6      | Killed a troll
  7324 | D:6      | Got a warped plate armour
  7437 | D:6      | Found a staircase to the Ecumenical Temple.
  7455 | D:6      | Reached skill level 1 in Air Magic
  7460 | Temple   | Entered the Ecumenical Temple
  8002 | D:7      | Reached skill level 8 in Spellcasting
  8004 | D:7      | Reached skill level 1 in Poison Magic
  8890 | D:8      | Noticed a two-headed ogre
  8919 | D:7      | Killed a two-headed ogre
  8919 | D:7      | Reached XP level 9. HP: 8/65 MP: 12/21
  9511 | D:8      | Got a twisted trident
  9512 | D:8      | Identified the +7 trident of Saovazar {vorpal, rC+} (You
                  | found it on level 8 of the Dungeon)
  9550 | D:8      | Reached skill level 9 in Spellcasting
  9556 | D:8      | Found an ancient bone altar of Kikubaaqudgha.
  9594 | D:8      | Became a worshipper of Kikubaaqudgha
  9803 | D:8      | Noticed Joseph
  9824 | D:8      | Killed Joseph
  9824 | D:8      | Reached skill level 5 in Stealth
 10250 | D:8      | Found Zulewk's Jewellery Shop.
 10434 | D:8      | Noticed a four-headed hydra
 10441 | D:8      | Noticed a brown ugly thing
 10551 | D:9      | Reached XP level 10. HP: 65/73 MP: 18/23
 10568 | D:9      | Reached * piety under Kikubaaqudgha
 10568 | D:9      | Identified Kikubaaqudgha's Incunabulum of Necromancy
                  | (Kikubaaqudgha gifted it to you on level 9 of the Dungeon)
 10568 | D:9      | Received a gift from Kikubaaqudgha
 10572 | D:9      | Learned a level 1 spell: Pain
 10576 | D:9      | Learned a level 3 spell: Vampiric Draining
 10579 | D:9      | Learned a level 2 spell: Corpse Rot
 10678 | D:9      | Noticed an elephant
 10679 | D:9      | Found a staircase to the Lair.
 10716 | D:9      | Reached skill level 5 in Fighting
 11003 | D:9      | Reached skill level 1 in Staves
 11160 | D:9      | Reached skill level 5 in Dodging
 11160 | D:9      | Reached skill level 1 in Necromancy
 11381 | D:9      | Found Icvatynt's Book Shoppe.
 11583 | D:9      | Found Reok's Food Emporium.
 12305 | D:8      | HP: 2/74 [brown ugly thing (16)]
 12305 | D:8      | Splashed by a brown ugly thing's acid

Levels and vault maps discovered:
D:1:      psy_arrival_whirlpool, layout_rooms
D:2:      layout_loops_ring
D:3:      layout_basic, old_standard_altar, first_ration
D:4:      layout_gridville, gammafunk_temple_overflow_statue, grunt_ministairs_5
D:5:      layout_basic, yredelemnul_altar_generic, serial_shops,
          nicolae_shop_temple_entry_statues_fountains, uniq_grinder,
          uniq_sigmund
D:6:      layout_cave_pools, minmay_temple_entry_waves, chequers_garden
D:7:      layout_loops_corners, serial_glass, glass_columns_b, glass_columns_b,
          glass_columns_a, item_on_display_a, minmay_strange_pillars,
          item_on_display_a
D:8:      minmay_blocky_corners, layout_basic, kiku_gazebo_garden_becter,
          serial_shops, nicolae_shop_crystal, uniq_joseph
D:9:      layout_cave_pools, david_lair_generic, serial_shops, kennysheep_mini,
          nicolae_shop_behind_doors, nicolae_shop_stone,
          serial_co_window_serial, co_window_corner_a, co_window_corner_a,
          co_window_corner_a, co_window_paths_a, co_window_corner_a,
          co_window_cross_2, co_window_broadway_a, co_window_broadway_c,
          co_window_of_opportunity_c, co_window_of_opportunity_c,
          co_window_corner_ca, co_window_2corner, co_window_paths_e,
          glass_columns_a, glass_columns_a, glass_columns_c, glass_columns_a
Temple:   minmay_temple_bridge_d

Skill      XL: |  1  2  3  4  5  6  7  8  9 10 |
---------------+-------------------------------+-----
Fighting       | 1 2 3 4 5 |  5.3
Summonings     | 1 |  1.9
Conjurations   | 1 2 3 |  3.1
Dodging        | 2 3 4 5 |  5.2
Stealth        | 2 3 4 5 |  5.7
Spellcasting   | 5 6 7 8 9 |  9.9
Short Blades   | 1 |  1.2
Evocations     | 1 2 3 4 |  4.0
Polearms       | 2 3 |  3.1
Air Magic      | 1 |  1.2
Poison Magic   | 1 |  1.3
Staves         | 1 |  1.2
Necromancy     | 2 |  2.1
Translocations | |  0.7

Action                   |  1- 3 |  4- 6 |  7- 9 | 10-12 || total
-------------------------+-------+-------+-------+-------++-------
Melee: Unarmed           |     9 |       |       |       ||     9
       Short sword       |    21 |   148 |       |       ||   169
       Trident           |       |     4 |   207 |       ||   211
       Quarterstaff      |       |       |    29 |   100 ||   129
 Cast: Magic Dart        |    97 |   106 |   148 |    17 ||   368
       Call Imp          |     3 |     3 |    14 |     1 ||    21
       Mephitic Cloud    |     1 |    19 |    23 |     7 ||    50
       Pain              |       |       |       |    23 ||    23
       Vampiric Draining |       |       |       |    21 ||    21
  Use: Scroll            |     3 |     1 |     1 |       ||     5
 Stab: Confused          |       |    13 |    14 |     3 ||    30
       Sleeping          |       |     2 |     5 |       ||     7
       Distracted        |       |       |     1 |       ||     1
Armor: Robe              |    25 |    20 |    67 |    25 ||   137
Dodge: Dodged            |    48 |    94 |   155 |    77 ||   374

Table legend:
 A = Non-vault XP
 B = Vault XP
 C = Vault XP percentage of total XP
 D = Non-vault monster count
 E = Vault monster count
 F = Vault count percentage of total count
                 A         B        C        D         E       F
            +---------+---------+-------+---------+---------+-------
      Total |    6859 |    1063 |  13.4 |     179 |       6 |   3.2
            +---------+---------+-------+---------+---------+-------
        D:1 |      30 |       0 |   0.0 |      18 |       0 |   0.0
        D:2 |      66 |       0 |   0.0 |      20 |       0 |   0.0
        D:3 |     176 |       0 |   0.0 |      32 |       0 |   0.0
        D:4 |     512 |      36 |   6.6 |      16 |       1 |   5.9
        D:5 |     233 |     445 |  65.6 |      10 |       2 |  16.7
        D:6 |     836 |       0 |   0.0 |      15 |       0 |   0.0
        D:7 |    1211 |       0 |   0.0 |      12 |       0 |   0.0
        D:8 |    1585 |     582 |  26.9 |      29 |       3 |   9.4
        D:9 |    2210 |       0 |   0.0 |      27 |       0 |   0.0
            +---------+---------+-------+---------+---------+-------
